 Dungeon Crawl Stone Soup version 0.31-a0-175-g9f7f995f2b (webtiles) character file.

Game seed: 12846512294452740940

60 qw the Shooter (level 4, 0/28 HPs)
             Began as a Gargoyle Hunter on June 17, 2023.
             Slain by a goblin
             ... wielding a +0 club
             ... led by Robin
              (5 damage)
             ... on level 3 of the Dungeon.
             The game lasted 00:01:27 (2113 turns).

qw the Shooter (Gargoyle Hunter)                    Turns: 2113, Time: 00:01:28

Health: 0/28       AC:  6    Str: 15    XL:     4   Next: 6%
Magic:  4/4        EV: 11    Int:  9    God:
Gold:   101        SH:  0    Dex: 15    Spells: 3/3 levels left

rFire   . . .        Y - +0 shortbow
rCold   . . .        (shield currently unavailable)
rNeg    + . .        c - +0 leather armour
rPois   inf          (no helmet)
rElec   +            (no cloak)
rCorr   .            (no gloves)
SInv    .            (no boots)
Will    .....        (no amulet)
Stlth   ++           (no ring)
HPRegen 0.24/turn    (no ring)
MPRegen 0.09/turn

%: no passive effects
@: no status effects
A: sickness immunity, AC +3, negative energy resistance 1, electricity
resistance, torment resistance 1, petrification resistance
a: no special abilities


You were on level 3 of the Dungeon.
You visited 1 branch of the dungeon, and saw 3 of its levels.

You collected 101 gold pieces.


Innate Abilities, Weirdness & Mutations

You are immune to sickness and miasma.
Your stone body is resilient. (AC +3)
You are immune to poison.
You resist negative energy. (rN+)
You are resistant to electric shocks. (rElec)
You are resistant to unholy torment.
You are immune to petrification.


   Skills:
 - Level 3.0 Fighting
 + Level 5.1 Ranged Weapons
 - Level 1.5 Dodging
 - Level 1.1 Stealth


You had 3 spell levels left.
You didn't know any spells.
Your spell library was empty.

Inventory:

Hand Weapons
 Y - a +0 shortbow (weapon)
Armour
 c - a +0 leather armour (worn)
Scrolls
 a - a scroll of teleportation
Potions
 d - a potion of cancellation {unknown}
 e - a potion of lignification {unknown}

Dungeon Overview and Level Annotations

Branches:
Dungeon (3/15)

Altars:

Annotations:
D:3 Robin


Message History

Enter note: You shoot an arrow.
The arrow closely misses the goblin.
Robin says, "A pitiful Gargoyle like you will never find the ORB!"
You shoot an arrow. The arrow closely misses the goblin.
You hear a shout!
Robin throws the goblin at you! The goblin hits you but does no damage.
You hear a shout!
You shoot an arrow. The arrow barely misses the goblin.
The goblin hits you but does no damage. Robin throws the goblin at you!
The goblin hits you with a +0 dagger.
You shoot an arrow. The arrow closely misses the goblin.
The goblin barely misses you.
Robin's horned helmet rattles.
The goblin hits you with a +0 dagger. The goblin hits you with a +0 club.
The goblin hits you with a +0 dagger.
The goblin hits you but does no damage. x2
You shoot an arrow. The arrow hits the goblin.
You kill the goblin!
The goblin hits you with a +0 club. The goblin hits you with a +0 dagger.
Robin roars a battlecry!
The goblins go into a battle-frenzy!
The goblin closely misses you.
You hear a shout! x2
You shoot an arrow. The arrow barely misses the goblin.
The goblin closely misses you. x2
Robin's horned helmet rattles.
A goblin comes into view. It is wielding a +0 dagger.
The goblin hits you but does no damage.
You shoot an arrow. The arrow closely misses the goblin.
The goblin closely misses you. The goblin barely misses you.
The goblin hits you but does no damage. Robin throws the goblin at you!
You shoot an arrow. The arrow hits the goblin.
You kill the goblin!
The goblin hits you with a +0 club. The goblin closely misses you.
A goblin comes into view. It is wielding a +0 club.
The goblin hits you with a +0 dagger. Robin throws the goblin at you!
You shoot an arrow. The arrow barely misses the goblin.
The goblin misses you. The goblin hits you with a +0 club. x2
The goblin barely misses you. Robin throws the goblin at you!
The goblin hits you with a +0 club.
You die...

...###.######.#####...#
.....#.# #........#..
........####.......###.
#.......##.........##.
##.....#...............
##....#...##.........##.
......##.####...........
#....gg)............###
####.##g@g.........#.##
..$..##.#g#####.#....#
.g..))g.>....# .##.#.
.##).##..###.# .. .# #.
#..# #.# # #..# #.# #..#
#.# .... ..# #.#.# ###


You could see Robin and 5 goblins.

Vanquished Creatures
  An adder (D:2)
  3 ball pythons
  3 endoplasms
  A giant cockroach (D:1)
  9 goblins
  6 hobgoblins
  7 jackals
  2 quokkas (D:1)
  3 bats
  3 frilled lizards
  2 kobolds
  6 rats
46 creatures vanquished.

Notes
Turn   | Place    | Note
-------+----------+-------------------------------------------
     0 | D:1      | qw the Gargoyle Hunter began the quest for the Orb.
     0 | D:1      | Reached XP level 1. HP: 12/12 MP: 1/1
     0 | D:1      | 0 ||| qw: Version: 0.3-a-2-g5ab2908
     0 | D:1      | 0 ||| qw: Game counter: 357
     0 | D:1      | 0 ||| qw: Always use a shield: true
     0 | D:1      | 0 ||| qw: God list: Okawaru
     0 | D:1      | 0 ||| qw: Allow faded altars: false
     0 | D:1      | 0 ||| qw: Do Orc after D:15 true
     0 | D:1      | 0 ||| qw: Do second Lair branch before Depths: true
     0 | D:1      | 0 ||| qw: Lair rune preference: random
     0 | D:1      | 0 ||| qw: Plans: Normal, Zot:1-4, Slime:5, God:TSO, Crypt,
                  | Tomb, Abyss, Pan, Hells, Win
     0 | D:1      | 0 ||| PLANNING D:1-11
   111 | D:1      | Reached XP level 2. HP: 17/17 MP: 2/2
   765 | D:1      | Reached XP level 3. HP: 20/21 MP: 3/3
   788 | D:1      | 788 ||| READING scroll labelled UFRANOO AB OKE.
   789 | D:1      | 789 ||| DROPPING scroll of butterflies.
   861 | D:2      | Reached skill level 5 in Ranged Weapons
   964 | D:2      | Identified the +1 robe of Noon {Archmagi}
  1196 | D:2      | 1196 ||| DROPPING +1 robe of Noon {Archmagi}.
  1197 | D:2      | 1197 ||| READING 2 scrolls labelled TEODUF NINEE.
  1201 | D:2      | 1201 ||| READING scroll labelled BECOMI JAVO.
  1202 | D:2      | 1202 ||| READING scroll labelled YFUTWY XOYXUS.
  1220 | D:2      | 1220 ||| STAIRDANCE
  1224 | D:2      | 1224 ||| STAIRDANCE
  1228 | D:2      | 1228 ||| STAIRDANCE
  1232 | D:2      | 1232 ||| STAIRDANCE
  1236 | D:2      | 1236 ||| STAIRDANCE
  1240 | D:2      | 1240 ||| STAIRDANCE
  1244 | D:2      | 1244 ||| STAIRDANCE
  1248 | D:2      | 1248 ||| STAIRDANCE
  1252 | D:2      | 1252 ||| STAIRDANCE
  1256 | D:2      | 1256 ||| STAIRDANCE
  1260 | D:2      | 1260 ||| STAIRDANCE
  1264 | D:2      | 1264 ||| STAIRDANCE
  1268 | D:2      | 1268 ||| STAIRDANCE
  1272 | D:2      | 1272 ||| STAIRDANCE
  1276 | D:2      | 1276 ||| STAIRDANCE
  1280 | D:2      | 1280 ||| STAIRDANCE
  1284 | D:2      | 1284 ||| STAIRDANCE
  1288 | D:2      | 1288 ||| STAIRDANCE
  1292 | D:2      | 1292 ||| STAIRDANCE
  1296 | D:2      | 1296 ||| STAIRDANCE
  1773 | D:1      | 1773 ||| Stepping randomly (stuck).
  1812 | D:1      | 1812 ||| Stepping randomly (stuck).
  2022 | D:3      | Reached skill level 3 in Fighting
  2101 | D:3      | Noticed Robin
  2102 | D:3      | Reached XP level 4. HP: 28/28 MP: 4/4
  2102 | D:3      | 2102 ||| Stepping ~*~*~tactically~*~*~ (outnumbered).
  2104 | D:3      | 2104 ||| Stepping ~*~*~tactically~*~*~ (outnumbered).
  2113 | D:3      | HP: 5/28 [goblin/+0 club[Robin] (3)]
  2113 | D:3      | Slain by a goblin

Levels and vault maps discovered:
D:1:      spicycebolla_arrival_ecumenical, layout_loops_corners, minivault_26,
          minmay_tripent
D:2:      layout_loops_ring
D:3:      layout_loops_ring, gammafunk_ghost_smash, grunt_decor_one_mirror,
          minmay_quadrilaterals, uniq_ijyb, uniq_robin

Skill      XL: |  1  2  3 |
---------------+----------+-----
Ranged Weapons | 5 |  5.1
Fighting       | 3 |  3.0
Dodging        | |  1.5
Stealth        | |  1.1

Action                     |  1- 3 |  4- 6 || total
---------------------------+-------+-------++-------
   Fire: Shortbow          |   120 |    10 ||   130
    Use: Scroll            |     4 |       ||     4
 Armour: Leather armour    |    30 |    10 ||    40
  Dodge: Dodged            |    46 |     9 ||    55

Table legend:
 A = Non-vault XP
 B = Vault XP
 C = Vault XP percentage of total XP
 D = Non-vault monster count
 E = Vault monster count
 F = Vault count percentage of total count
                 A         B        C        D         E       F
            +---------+---------+-------+---------+---------+-------
      Total |      73 |      14 |  16.1 |      38 |       8 |  17.4
            +---------+---------+-------+---------+---------+-------
        D:1 |      31 |       3 |   8.8 |      19 |       2 |   9.5
        D:2 |      30 |       0 |   0.0 |      12 |       0 |   0.0
        D:3 |      12 |      11 |  47.8 |       7 |       6 |  46.2
            +---------+---------+-------+---------+---------+-------
